 Dungeon Crawl Stone Soup version 0.23-a0-378-gd7a6ca6 (webtiles) character file.

11689 Garbasso the Destroyer (level 11, 0/66 HPs)
             Began as a Gargoyle Earth Elementalist on Oct 27, 2018.
             Was a Priest of Vehumet.
             Slain by an eight-headed hydra (3 damage)
             ... on level 3 of the Lair of Beasts.
             The game lasted 00:57:26 (12989 turns).

Garbasso the Destroyer (GrEE)                      Turns: 12989, Time: 00:57:26

Health: 0/66       AC: 14    Str: 11    XL:     11   Next: 81%
Magic:  3/22       EV: 11    Int: 20    God:    Vehumet [***...]
Gold:   594        SH:  5    Dex: 10    Spells: 5/24 levels left

rFire    + . .     SeeInvis .   z - +2 mace (drain)
rCold    . . .     Gourm    .   p - +0 buckler
rNeg     + . .     Faith    .   i - +1 leather armour "Ubionaiv" {+Fly rF+ rC- Stlth+}
rPois    ∞         Spirit   .   (no helmet)
rElec    +         Reflect  .   x - +1 cloak
rCorr    .         Harm     .   (no gloves)
MR       .....                  (no boots)
Stlth    +++.......             (no amulet)
HPRegen  0.21/turn              n - ring of wizardry
MPRegen  0.18/turn              w - ring of protection from cold

@: no status effects
A: negative energy resistance 1, electricity resistance, unbreathing,
petrification resistance, rot immunity, AC +8
a: Renounce Religion, Evoke Flight


You were on level 3 of the Lair of Beasts.
You worshipped Vehumet.
Vehumet was most pleased with you.
You were not hungry.

You visited 3 branches of the dungeon, and saw 13 of its levels.

You collected 726 gold pieces.
You spent 132 gold pieces at shops.

Inventory:

Hand Weapons
 z - a +2 mace of draining (weapon)
 A - a +0 dagger of venom
Missiles
 b - 100 stones (quivered)
Armour
 c - a +0 robe of magic resistance
 i - the +1 leather armour "Ubionaiv" (worn) {+Fly rF+ rC- Stlth+}
   (You took it off an orc wizard on level 4 of the Dungeon)

   It protects you from fire.
   It makes you vulnerable to cold.
   It lets you fly.
   It makes you more stealthy.
 p - a +0 buckler (worn)
 r - a +0 shield
 x - a +1 cloak (worn)
Magical Staves
 E - an uncursed staff of wizardry
Jewellery
 n - a ring of wizardry (left hand)
 w - a ring of protection from cold (right hand)
 I - a cursed amulet of inaccuracy {unknown}
 K - an uncursed ring of protection from fire
Wands
 o - a wand of polymorph (32)
 v - a wand of flame (43)
 y - a wand of enslavement (15)
 H - a wand of acid (5)
 J - a wand of iceblast (11)
Scrolls
 a - a scroll of noise {unknown}
 f - a scroll of magic mapping
 k - 4 scrolls of teleportation
 m - 6 scrolls of remove curse
 t - 4 scrolls of enchant weapon
 C - 2 scrolls of blinking
 D - a scroll of fear {unknown}
 F - 2 scrolls of enchant armour {unknown}
Potions
 e - a potion of agility
 g - 2 potions of resistance
 h - 3 potions of haste
 j - 3 potions of flight
 l - 2 potions of ambrosia
 q - 5 potions of heal wounds
 s - a potion of mutation
 u - 7 potions of curing
 B - 2 potions of invisibility {unknown}
 G - a potion of brilliance
Comestibles
 d - 9 rations


   Skills:
 + Level 6.8 Fighting
 - Level 1.5 Dodging
 - Level 2.1 Stealth
 + Level 8.5 Shields
 + Level 7.4 Spellcasting
 * Level 11.4 Conjurations
 - Level 0.7 Transmutations
 - Level 10.6 Earth Magic


You had 5 spell levels left.
You knew the following spells:

 Your Spells              Type           Power        Failure   Level  Hunger
a - Sandblast             Erth           #####.       1%          1    None
b - Stone Arrow           Conj/Erth      ######       1%          3    #......
c - Lee's Rapid Deconstr  Erth           #####.....   1%          5    #####..
d - Mephitic Cloud        Conj/Pois/Air  ###.....     1%          3    #......
e - Blink                 Tloc           N/A          8%          2    None
f - Petrify               Tmut/Erth      ####....     4%          4    ###....
C - Animate Skeleton      Necr           N/A          4%          1    None

Your spell library contained the following spells:

 Spells                   Type           Power        Failure   Level  Hunger
 Static Discharge         Conj/Air       ####....     1%          3    #......
 Magic Dart               Conj           ####         1%          1    None
 Passwall                 Tmut/Erth      ####....     1%          2    None
 Conjure Flame            Conj/Fire      ####....     1%          3    #......
 Dazzling Spray           Conj/Hex       ####..       1%          3    #......
 Apportation              Tloc           #.....       4%          1    None
 Confusing Touch          Hex            #.....       4%          1    None
 Corona                   Hex            #......      4%          1    None
 Summon Small Mammal      Summ           #...         4%          1    None
 Call Imp                 Summ           #.......     8%          2    None
 Ensorcelled Hibernation  Hex/Ice        #.....       8%          2    None
 Slow                     Hex            #.......     8%          2    None
 Confuse                  Hex            #.......     14%         3    #......
 Tukima's Dance           Hex            #.......     14%         3    #......


Dungeon Overview and Level Annotations

Branches:
Dungeon (9/15)             Temple (1/1) D:6            Lair (3/6) D:9
  Swamp: Lair:2-4    Shoals: Lair:2-4     Snake: Lair:2-4    Spider: Lair:2-4
    Orc: D:9-12

Altars:
Ashenzari
Cheibriados
Dithmenos
Elyvilon
Fedhas
Gozag
Hepliaklqana
Kikubaaqudgha
Makhleb
Qazlal
Ru
Trog
Uskayaw
Vehumet
Xom
Yredelemnul
The Shining One

Shops:
D:4 !

Annotations:
D:4 Dowan, Duvessa, Sigmund


Innate Abilities, Weirdness & Mutations

You are resistant to torment.
Your stone body is resilient. (AC +8)
You are immune to poison.
You resist negative energy. (rN+)
You are resistant to electric shocks. (rElec)
You can survive without breathing.
You are immune to petrification.
You are immune to rotting.


Message History

The eight-headed hydra completely misses you.
The eight-headed hydra barely misses you.
The eight-headed hydra bites you.
* * * LOW HITPOINT WARNING * * *
The eight-headed hydra barely misses you.
The eight-headed hydra bites you but does no damage.
The eight-headed hydra closely misses you.
The eight-headed hydra bites you but does no damage.
The eight-headed hydra bites you.
* * * LOW HITPOINT WARNING * * *
You hit the eight-headed hydra.
The eight-headed hydra is moderately wounded.
The eight-headed hydra barely misses you. x3
The eight-headed hydra bites you.
* * * LOW HITPOINT WARNING * * *
You block the eight-headed hydra's attack.
The eight-headed hydra bites you!
* * * LOW HITPOINT WARNING * * *
The eight-headed hydra bites you.
You die...

.................
.................
.............%.#
...............#
...............#
...............##
.................
......D@<........
.................
.................
.####............
#.............
##............
#............
.............


You could see an eight-headed hydra.

Vanquished Creatures
  A two-headed ogre (D:9)
  4 spiny frogs
  A gargoyle (D:9)
  A komodo dragon (Lair:1)
  5 blink frogs (Lair:1)
  2 hippogriffs
  Eustachio (D:6)
  2 basilisks
  2 wyverns
  6 yaks (Lair:1)
  8 water moccasins
  6 porcupines
  3 sky beasts
  2 black bears
  3 ogres
  3 wolves
  2 centaurs
  4 crocodiles
  2 big kobolds
  2 gnoll sergeants
  5 bullfrogs
  A wyvern zombie (D:6)
  A scorpion (D:4)
  A wyvern skeleton (D:6)
  4 killer bees
  5 wights
  A centaur zombie (D:7)
  A howler monkey (D:4)
  3 bullfrog zombies
  2 crimson imps
  Crazy Yiuf (D:4)
  2 hounds
  3 centaur skeletons
  3 orc priests
  A bullfrog skeleton (D:8)
  6 orc wizards
  5 worker ants
  Natasha (twice) (D:4)
  3 iguanas
  A hound skeleton (D:8)
  9 gnolls
  11 adders
  3 shadow imps
  An adder skeleton (D:9)
  An adder zombie (D:5)
  A worm (D:2)
  3 dart slugs
  5 leopard geckos
  22 orcs
  6 giant cockroaches
  9 goblins
  7 hobgoblins
  2 jackals (D:5)
  14 kobolds
  2 quokkas
  9 bats
  7 frilled lizards
  A jackal zombie (D:6)
  A quokka skeleton (D:4)
  A quokka zombie (D:9)
  7 rats
233 creatures vanquished.

Vanquished Creatures (collateral kills)
  Erolcha (D:9)
  Maurice (D:9)
  3 blink frogs (Lair:1)
  3 yaks (Lair:1)
  A porcupine (D:9)
  A black bear (D:9)
  A wolf (D:9)
  A crocodile (D:9)
  A bullfrog (Lair:1)
  A scorpion (Lair:1)
  2 killer bees (D:9)
  An orc priest (D:9)
  An iguana (D:9)
  A shadow imp (D:8)
  A kobold (D:9)
20 creatures vanquished.

Vanquished Creatures (others)
  8 fungi
  2 plants (D:9)
10 creatures vanquished.

Grand Total: 263 creatures vanquished

Notes
Turn   | Place    | Note
-------+----------+-------------------------------------------
     0 | D:1      | Garbasso the Gargoyle Earth Elementalist began the quest
                  | for the Orb.
     0 | D:1      | Reached XP level 1. HP: 10/10 MP: 3/3
   133 | D:1      | Reached XP level 2. HP: 11/16 MP: 1/5
   455 | D:1      | Reached skill level 1 in Fighting
   924 | D:2      | Reached XP level 3. HP: 20/20 MP: 6/6
  1016 | D:2      | Found an ancient bone altar of Kikubaaqudgha.
  1264 | D:2      | Learned a level 3 spell: Stone Arrow
  1325 | D:2      | Found a white marble altar of Elyvilon.
  1325 | D:2      | Found a burning altar of Makhleb.
  1333 | D:2      | Found a snail-covered altar of Cheibriados.
  1333 | D:2      | Found a sacrificial altar of Ru.
  1340 | D:2      | Found a stormy altar of Qazlal.
  1380 | D:2      | Reached XP level 4. HP: 25/25 MP: 7/7
  1427 | D:2      | Found a faded altar of an unknown god.
  1575 | D:2      | Reached skill level 5 in Earth Magic
  1944 | D:3      | Reached XP level 5. HP: 30/30 MP: 1/9
  1948 | D:3      | Reached skill level 1 in Conjurations
  2804 | D:4      | Noticed Sigmund
  2813 | D:3      | Learned a level 5 spell: Lee's Rapid Deconstruction
  2916 | D:4      | Found Jeesm's Distillery.
  2932 | D:4      | Reached XP level 6. HP: 32/36 MP: 3/10
  2938 | D:4      | Bought 2 potions of curing for 72 gold pieces
  2938 | D:4      | Bought a potion of heal wounds for 60 gold pieces
  3000 | D:4      | Reached skill level 2 in Conjurations
  3091 | D:4      | Noticed Natasha
  3095 | D:4      | Killed Natasha
  3125 | D:4      | Noticed Duvessa
  3128 | D:4      | Noticed Dowan
  3295 | D:5      | Entered Level 5 of the Dungeon
  3484 | D:4      | Found a runed door.
  3593 | D:4      | Got a shimmering leather armour
  3604 | D:4      | Identified the cursed +1 leather armour "Ubionaiv" {+Fly
                  | rF+ rC- Stlth+} (You took it off an orc wizard on level 4
                  | of the Dungeon)
  3760 | D:4      | Reached XP level 7. HP: 41/41 MP: 9/12
  3858 | D:4      | Noticed Natasha
  3865 | D:4      | Killed Natasha
  4018 | D:4      | Noticed Crazy Yiuf
  4022 | D:4      | Killed Crazy Yiuf
  4225 | D:5      | Learned a level 3 spell: Mephitic Cloud
  4620 | D:6      | Reached skill level 3 in Conjurations
  4748 | D:6      | Reached skill level 1 in Shields
  5050 | D:6      | Reached XP level 8. HP: 48/48 MP: 2/13
  5136 | D:6      | Learned a level 2 spell: Blink
  5290 | D:6      | Reached skill level 4 in Conjurations
  5899 | D:6      | Reached skill level 5 in Fighting
  5918 | D:6      | Noticed Eustachio
  6000 | D:6      | Killed Eustachio
  6013 | D:6      | Found a staircase to the Ecumenical Temple.
  6022 | Temple   | Entered the Ecumenical Temple
  6079 | Temple   | Became a worshipper of Vehumet
  6393 | D:7      | Found a stormy altar of Qazlal.
  6482 | D:7      | Reached skill level 5 in Conjurations
  6663 | D:7      | Noticed a hippogriff
  6668 | D:7      | Killed a hippogriff
  6668 | D:7      | Reached XP level 9. HP: 54/54 MP: 9/15
  7335 | D:7      | Reached skill level 6 in Conjurations
  7345 | D:7      | Reached * piety under Vehumet
  7345 | D:7      | Offered knowledge of Sting by Vehumet.
  7597 | D:8      | Learned a level 1 spell: Animate Skeleton
  7657 | D:8      | Reached skill level 5 in Shields
  7915 | D:8      | Reached skill level 7 in Conjurations
  7940 | D:8      | Found a hazy altar of Hepliaklqana.
  8042 | D:8      | Found the +2 robe of Vines {NoPotionHeal Regen+7}
  8063 | D:8      | Reached skill level 5 in Spellcasting
  8387 | D:9      | Noticed a gargoyle
  8542 | D:9      | Reached XP level 10. HP: 59/59 MP: 5/17
  8681 | D:9      | Noticed a two-headed ogre
  8837 | D:9      | Reached skill level 8 in Conjurations
  8846 | D:9      | Reached ** piety under Vehumet
  8846 | D:9      | Offered knowledge of Throw Frost by Vehumet.
  9453 | D:9      | Killed a two-headed ogre
  9453 | D:9      | Reached skill level 10 in Earth Magic
  9455 | D:9      | Noticed Maurice
  9463 | D:9      | Reached skill level 9 in Conjurations
  9469 | D:9      | Noticed Erolcha
  9650 | D:9      | Killed a gargoyle
  9824 | D:9      | Killed Erolcha
  9830 | D:9      | Killed Maurice
  9830 | D:9      | Reached XP level 11. HP: 64/64 MP: 2/20
  9991 | D:9      | Found a staircase to the Lair.
 10129 | Lair:1   | Entered Level 1 of the Lair of Beasts
 10257 | Lair:1   | Reached skill level 10 in Conjurations
 10336 | Lair:1   | Learned a level 4 spell: Petrify
 10921 | Lair:1   | Offered knowledge of Static Discharge by Vehumet.
 11367 | Lair:1   | Reached skill level 11 in Conjurations
 12040 | Lair:2   | Reached *** piety under Vehumet
 12974 | Lair:3   | Noticed an eight-headed hydra
 12989 | Lair:3   | HP: 3/66 [eight-headed hydra (9)]
 12989 | Lair:3   | Slain by an eight-headed hydra

Vault maps used:
D:1:      shiori_angband_town
D:2:      wad_river_or_something, marbit_many_paths, grunt_temple_overflow_open,
          first_ration, chequers_ecumenical_altar_island
D:3:      guppyfry_early_orc_mine
D:4:      serial_shops, nicolae_shop_stone, uniq_sigmund, uniq_duvessa,
          uniq_natasha, uniq_crazy_yiuf_cottage
D:6:      lemuel_temple_firewalk_b, uniq_eustachio
D:7:      nicolae_qazlal_general_emergency
D:8:      basic_altar
D:9:      minmay_lair_entry_grove, uniq_maurice, uniq_erolcha
Temple:   nicolae_temple_elliptical
Lair:3:   minmay_snake_entry_guardpost_large, gammafunk_ghost_grave,
          minivault_19, grunt_megastairs_3

Skill      XL: |  1  2  3  4  5  6  7  8  9 10 11 |
---------------+----------------------------------+-----
Earth Magic    | 4 5 6 7 8 9 10 | 10.6
Fighting       | 1 2 3 4 5 6 |  6.8
Conjurations   | 1 2 3 5 7 9 11 | 11.4
Spellcasting   | 3 4 5 6 7 |  7.4
Shields        | 2 4 5 7 8 |  8.5
Dodging        | |  1.5
Stealth        | |  2.1
Transmutations | |  0.7

Action                   |  1- 3 |  4- 6 |  7- 9 | 10-12 || total
-------------------------+-------+-------+-------+-------++-------
Melee: Unarmed           |     2 |       |       |       ||     2
       Mace              |    82 |    37 |   105 |   105 ||   329
       Staff             |       |       |     6 |    20 ||    26
 Cast: Sandblast         |    23 |    72 |   109 |    44 ||   248
       Stone Arrow       |       |    10 |    32 |    30 ||    72
       Mephitic Cloud    |       |       |    22 |    43 ||    65
       Lee's Rapid Decon |       |       |     5 |    21 ||    26
       Animate Skeleton  |       |       |     2 |    22 ||    24
       Petrify           |       |       |       |    11 ||    11
       Blink             |       |       |       |     1 ||     1
  Use: Scroll            |       |     5 |     4 |     6 ||    15
 Stab: Sleeping          |     5 |       |     1 |       ||     6
       Confused          |       |       |     3 |     3 ||     6
       Petrified         |       |       |       |    15 ||    15
       Petrifying        |       |       |       |     1 ||     1
  Eat: Chunk             |     2 |     8 |    13 |    11 ||    34
       Ration            |       |       |     2 |     4 ||     6
Armor: Robe              |    51 |    31 |       |       ||    82
       Leather armour    |       |       |    58 |   101 ||   159
Dodge: Dodged            |    61 |    32 |    88 |    97 ||   278
Block: Buckler           |       |       |    20 |    47 ||    67

Table legend:
 A = Non-vault XP
 B = Vault XP
 C = Vault XP percentage of total XP
 D = Non-vault monster count
 E = Vault monster count
 F = Vault count percentage of total count
                 A         B        C        D         E       F
            +---------+---------+-------+---------+---------+-------
      Total |   13909 |    2790 |  16.7 |     219 |      34 |  13.4
            +---------+---------+-------+---------+---------+-------
        D:1 |      33 |       0 |   0.0 |      20 |       0 |   0.0
        D:2 |      42 |      27 |  39.1 |      16 |       9 |  36.0
        D:3 |     118 |      17 |  12.6 |      18 |       7 |  28.0
        D:4 |     384 |      79 |  17.1 |      18 |       2 |  10.0
        D:5 |      68 |       0 |   0.0 |       9 |       0 |   0.0
        D:6 |    1063 |     196 |  15.6 |      23 |       1 |   4.2
        D:7 |    1006 |       0 |   0.0 |      26 |       0 |   0.0
        D:8 |    1454 |     330 |  18.5 |      18 |       3 |  14.3
        D:9 |    2305 |    2141 |  48.2 |      31 |      12 |  27.9
     Lair:1 |    5702 |       0 |   0.0 |      31 |       0 |   0.0
     Lair:2 |    1734 |       0 |   0.0 |       9 |       0 |   0.0
            +---------+---------+-------+---------+---------+-------
